 Dungeon Crawl Stone Soup version 0.23-a0-150-g7664ed78f7 (webtiles) character file.

42717 Sasy the Crack Shot (level 13, -1/105 HPs)
             Began as a Centaur Hunter on Sept 1, 2018.
             Was an Elder of Dithmenos.
             Killed from afar by a catoblepas (11 damage)
             ... with a blast of calcifying dust
             ... on level 5 of the Lair of Beasts on Sept 7, 2018.
             The game lasted 01:40:03 (21957 turns).

Sasy the Crack Shot (Centaur Hunter)               Turns: 21957, Time: 01:40:04

Health: -1/105     AC: 12    Str: 17 (19) XL:     13   Next: 86%
Magic:  15/15      EV: 14    Int:  8 (10) God:    Dithmenos [****..]
Gold:   814        SH:  4    Dex: 13 (14) Spells: 12/12 levels left

rFire    . . .     SeeInvis .   a - +4 shortbow of the Battered Cities {flame, MR+ Dex+3}
rCold    + . .     Gourm    .   (shield currently unavailable)
rNeg     . . .     Faith    .   C - +2 robe {rC+}
rPois    .         Spirit   .   (no helmet)
rElec    .         Reflect  +   v - +2 cloak
rCorr    .         Harm     .   A - +2 pair of gloves
MR       ++...                  (no barding)
Stlth    +.........             j - +4 amulet of reflection
HPRegen  0.27/turn              s - +4 ring of evasion
MPRegen  0.14/turn              U - ring of protection from magic

@: wreathed by umbra, very quick
A: large, hooves 3, deformed body, speed 2, tough skin 3
a: Shadow Step, Renounce Religion


You were on level 5 of the Lair of Beasts.
You worshipped Dithmenos.
Dithmenos was greatly pleased with you.
You were not hungry.

You visited 3 branches of the dungeon, and saw 17 of its levels.
You also visited: Ossuary.

You collected 1257 gold pieces.
You spent 443 gold pieces at shops.

Inventory:

Hand Weapons
 a - the +4 shortbow of the Battered Cities (weapon) {flame, MR+ Dex+3}
   (You bought it in a shop on level 4 of the Dungeon)

   It causes projectiles fired from it to burn those they strike, causing extra
   injury to most foes and up to half again as much damage against particularly
   susceptible opponents.
   It affects your dexterity (+3).
   It affects your resistance to hostile enchantments.
 b - a +3 quarterstaff of chaos
 e - a +0 hunting sling
 m - a +0 spear
 t - a +0 short sword
 w - a +0 vampiric dagger
 x - a +0 dagger of electrocution
 D - a +2 shortbow
 P - a +3 shortbow
Missiles
 d - 52 arrows (quivered)
 o - 196 sling bullets
Armour
 c - a +0 leather armour
 r - a +0 robe
 u - a -2 helmet
 v - a +2 cloak (worn)
 A - a +2 pair of gloves (worn)
 C - a +2 robe of cold resistance (worn)
Jewellery
 j - a +4 amulet of reflection (around neck)
 s - a +4 ring of evasion (left hand)
 y - an uncursed amulet of faith
 E - an uncursed ring of protection from cold
 J - an uncursed amulet of harm
 N - a +2 ring of dexterity
 R - an uncursed amulet of magic regeneration
 U - a ring of protection from magic (right hand)
 Y - an uncursed ring of resist corrosion
Wands
 i - a wand of polymorph (25)
 q - a wand of disintegration (7)
 F - a wand of enslavement (16)
 O - a wand of clouds (7)
 S - a wand of paralysis (15)
Scrolls
 g - 12 scrolls of remove curse
 n - 4 scrolls of amnesia
 p - 5 scrolls of teleportation
 z - 2 scrolls of magic mapping
 T - a scroll of silence {unknown}
 Z - a scroll of fog
Potions
 h - 2 potions of brilliance
 k - 6 potions of heal wounds
 l - 5 potions of curing
 B - 3 potions of lignification
 G - 2 potions of might
 H - a potion of mutation
 I - a potion of cancellation
 K - a potion of haste {unknown}
 L - 2 potions of resistance {unknown}
 M - 3 potions of flight {unknown}
 Q - 2 potions of magic {unknown}
 V - a potion of ambrosia {unknown}
 W - a potion of agility {unknown}
 X - a potion of berserk rage {unknown}
Comestibles
 f - 15 rations


   Skills:
 - Level 7.2 Fighting
 + Level 11.2 Staves
 - Level 22.8 Bows
 - Level 1.3 Dodging
 - Level 0.4 Stealth
 - Level 3.0 Evocations


You had 12 spell levels left.
You didn't know any spells.
Your spell library contained the following spells:

 Spells                   Type           Power        Failure   Level  Hunger
 Animate Skeleton         Necr           N/A          41%         1    ##.....
 Magic Dart               Conj           #...         41%         1    ##.....
 Pain                     Necr           #...         41%         1    ##.....
 Searing Ray              Conj           #.....       54%         2    ###....
 Dazzling Spray           Conj/Hex       #.....       78%         3    ####...
 Regeneration             Chrm/Necr      #.........   78%         3    ####...
 Vampiric Draining        Necr           #.........   78%         3    ####...
 Animate Dead             Necr           N/A          99%         4    #####..
 Force Lance              Conj/Tloc      #.......     99%         4    #####..
 Fulminant Prism          Conj/Hex       #.........   99%         4    #####..
 Iskenderun's Mystic Bla  Conj           #.......     99%         4    #####..


Dungeon Overview and Level Annotations

Branches:
Dungeon (10/15)            Temple (0/1) D:5            Lair (6/6) D:10
 Shoals (0/4) Lair:4       Spider (1/4) Lair:4
  Slime: Lair:5-6       Orc: D:9-12

Altars:
Dithmenos
Elyvilon
Fedhas
Gozag
Ru
Vehumet
Wu Jian
Yredelemnul

Shops:
D:4 (   D:7 %   D:10 [

Annotations:
D:6 exclusion: oklob plant, Prince Ribbit
Lair:1 exclusion: oklob plant


Innate Abilities, Weirdness & Mutations

You have hooves in place of feet.
Armour fits poorly on your strangely shaped body.
You cover ground very quickly.
You have extremely tough skin. (AC +3)


Message History

The catoblepas is almost dead.
The blink frog blinks!
The catoblepas stomps with a crash on the ground.
The catoblepas gores you!!
* * * LOW HITPOINT WARNING * * *
Okay, then.
As you read the scroll of teleportation, it crumbles to dust.
You feel strangely unstable. The catoblepas gores you.
* * * LOW HITPOINT WARNING * * *
The catoblepas breathes a plume of calcifying dust at you.
The blast of calcifying dust hits you!
* * * LOW HITPOINT WARNING * * *
Found a scroll of acquirement.
Found 16 gold pieces.
The blink frog blinks!
As you read the scroll of teleportation, it crumbles to dust.
You feel strangely stable.
The catoblepas breathes a plume of calcifying dust at you.
The blast of calcifying dust hits you!
You die...

##...P#.#....
+..........§....
##...?.........P
.$.............####### #
#P.......P#....#P....#..
#.......##...........
#.......##.....#...#
#....@+##.....#.>.#
.P.....#§§Y..((#(...##..
......§§§§§§(.(.........
###.#.#P.#....##....#.#P
# #######.#.#########
##..# ####


There were no monsters in sight!

Vanquished Creatures
  5 hydras
  6 death yaks (D:10)
  A two-headed ogre (D:10)
  4 wolf spiders
  A wolf spider zombie (D:9)
  3 orb spiders (Spider:1)
  A moth of wrath (Spider:1)
  2 black mambas
  Maurice (D:9)
  3 elephants (Lair:2)
  A merfolk siren (Lair:4)
  4 centaur zombies (D:9)
  Joseph (D:8)
  7 spiny frogs
  4 komodo dragons
  2 hellwings (D:9)
  8 jumping spiders (Spider:1)
  3 trolls
  20 blink frogs
  3 hippogriffs
  Sigmund (D:6)
  20 redbacks
  4 tarantellas (Spider:1)
  A wyvern (D:10)
  3 basilisks
  A human (D:10)
  28 yaks
  Eustachio (D:4)
  A hungry ghost (D:8)
  4 hogs (D:10)
  8 water moccasins
  6 porcupines
  3 orc warriors
  2 ice beasts
  2 sky beasts
  7 ogres
  A phantom (D:10)
  5 centaurs
  4 wolves (Lair:4)
  4 big kobolds
  7 crocodiles
  Blork the orc (D:6)
  17 bullfrogs
  4 gnoll sergeants
  A wyvern skeleton (D:9)
  5 scorpions
  11 killer bees (D:9)
  2 electric eels (Lair:1)
  3 howler monkeys
  3 crimson imps
  A quasit (D:10)
  4 jellies
  5 orc wizards
  9 orc priests
  Crazy Yiuf (D:2)
  9 hounds
  2 bullfrog skeletons
  Jessica (D:2)
  Natasha (thrice) (D:2)
  2 iguanas
  5 worker ants
  A hound skeleton (D:4)
  8 mummies (Ossuary)
  A worker ant zombie (D:7)
  33 gnolls
  A howler monkey skeleton (D:5)
  13 adders
  A river rat (D:3)
  4 shadow imps
  An ooze (D:2)
  An adder skeleton (D:10)
  3 worms
  4 dart slugs
  3 leopard geckos
  32 orcs
  11 giant cockroaches
  5 goblins
  4 hobgoblins
  6 jackals
  25 kobolds
  3 quokkas
  3 ball pythons
  5 bats
  2 frilled lizards
  3 gnoll zombies (Ossuary)
  2 hobgoblin zombies (Ossuary)
  3 kobold zombies (Ossuary)
  A quokka zombie (D:6)
  12 rats
  A spectral orc (D:3)
474 creatures vanquished.

Vanquished Creatures (others)
  A bush (Lair:3)
  A fungus (Lair:2)
  2 plants
  15 toadstools (D:6)
  A withered plant (D:9)
20 creatures vanquished.

Grand Total: 494 creatures vanquished

Notes
Turn   | Place    | Note
-------+----------+-------------------------------------------
     0 | D:1      | Sasy the Centaur Hunter began the quest for the Orb.
     0 | D:1      | Reached XP level 1. HP: 17/17 MP: 1/1
   169 | D:1      | Reached skill level 6 in Bows
   169 | D:1      | Reached XP level 2. HP: 22/24 MP: 2/2
   604 | D:1      | Reached XP level 3. HP: 29/29 MP: 3/3
   969 | D:2      | Reached skill level 7 in Bows
  1008 | D:2      | Reached XP level 4. HP: 33/36 MP: 4/4
  1169 | D:2      | Found an ornate altar of the Wu Jian Council.
  1248 | D:2      | Reached skill level 8 in Bows
  1277 | D:2      | Upgraded the game from 0.23-a0-143-g1adec7bb76 to
                  | 0.23-a0-150-g7664ed78f7
  1433 | D:2      | Noticed Natasha
  1453 | D:2      | Killed Natasha
  1453 | D:2      | Reached XP level 5. HP: 33/41 MP: 5/5
  1630 | D:2      | Noticed Natasha
  1643 | D:2      | Killed Natasha
  1730 | D:2      | Noticed Jessica
  1734 | D:2      | Killed Jessica
  1734 | D:2      | Reached skill level 9 in Bows
  1871 | D:2      | Noticed Natasha
  1874 | D:2      | Killed Natasha
  2167 | D:2      | Found a runed door.
  2396 | D:2      | Reached XP level 6. HP: 48/48 MP: 6/6
  2511 | D:2      | Noticed Crazy Yiuf
  2551 | D:2      | Killed Crazy Yiuf
  2730 | D:3      | Found a basalt altar of Yredelemnul.
  2859 | D:3      | Found an opulent altar of Gozag.
  2915 | D:3      | Reached skill level 10 in Bows
  3609 | D:3      | Reached XP level 7. HP: 55/55 MP: 7/7
  4430 | D:4      | Noticed Eustachio
  4478 | D:4      | Killed Eustachio
  4478 | D:4      | Reached skill level 5 in Fighting
  4523 | D:4      | Reached XP level 8. HP: 70/70 MP: 8/8
  4635 | D:4      | Found a shadowy altar of Dithmenos.
  4643 | D:4      | Became a worshipper of Dithmenos the Shadowed
  4920 | D:4      | Found Otyreg's Weapon Boutique.
  4999 | D:4      | Found a sacrificial altar of Ru.
  5121 | D:5      | Entered Level 5 of the Dungeon
  5237 | D:5      | Reached skill level 11 in Bows
  5364 | D:5      | Found a white marble altar of Elyvilon.
  5365 | D:5      | Found a radiant altar of Vehumet.
  5425 | D:5      | Found a staircase to the Ecumenical Temple.
  5665 | D:6      | Found a blossoming altar of Fedhas.
  5692 | D:6      | Noticed an oklob plant
  5744 | D:6      | Noticed Edmund
  5751 | D:6      | Noticed Edmund
  5751 | D:6      | Edmund changed into Edmund the big kobold
  5764 | D:6      | Killed Edmund the big kobold
  5764 | D:6      | Reached skill level 12 in Bows
  6119 | D:6      | Reached XP level 9. HP: 79/79 MP: 9/9
  6314 | D:6      | Reached skill level 13 in Bows
  6359 | D:6      | Noticed Prince Ribbit
  6367 | D:6      | Noticed Blork the orc
  6380 | D:6      | Killed Blork the orc
  6723 | D:6      | Noticed Sigmund
  6734 | D:6      | Killed Sigmund
  6821 | D:6      | Reached * piety under Dithmenos
  7357 | D:7      | Reached skill level 14 in Bows
  7458 | D:7      | Found Gonuffics's Food Shop.
  7734 | D:7      | Reached ** piety under Dithmenos
  7786 | D:7      | Reached skill level 15 in Bows
  8445 | D:4      | Bought the +4 shortbow of the Battered Cities {flame, MR+
                  | Dex+3} for 443 gold pieces
  8940 | D:8      | Reached skill level 1 in Evocations
  8953 | D:8      | Found a sand-covered staircase.
  9008 | Ossuary  | Entered an ossuary
  9284 | D:8      | Noticed Joseph
  9290 | D:8      | Killed Joseph
  9290 | D:8      | Reached XP level 10. HP: 57/86 MP: 10/12
  9634 | D:8      | Reached skill level 16 in Bows
 10047 | D:9      | Reached *** piety under Dithmenos
 10567 | D:9      | Reached skill level 17 in Bows
 10750 | D:9      | Reached skill level 18 in Bows
 11180 | D:9      | Reached XP level 11. HP: 60/92 MP: 13/13
 11470 | D:9      | Noticed Maurice
 11479 | D:9      | Killed Maurice
 11486 | D:9      | Identified a scroll of acquirement
 11678 | D:10     | Entered Level 10 of the Dungeon
 11810 | D:10     | Noticed a death yak
 11810 | D:10     | Noticed a death yak
 11810 | D:10     | Noticed a death yak
 11828 | D:10     | Killed a death yak
 11828 | D:10     | Reached skill level 19 in Bows
 11845 | D:10     | Killed a death yak
 11947 | D:10     | Noticed a death yak
 11949 | D:10     | Found a staircase to the Lair.
 11949 | D:10     | Noticed a death yak
 11956 | D:10     | Noticed a death yak
 11963 | D:10     | Killed a death yak
 11986 | D:10     | Killed a death yak
 11986 | D:10     | Reached skill level 20 in Bows
 12146 | D:10     | Found a white marble altar of Elyvilon.
 12146 | D:10     | Found Humech's Armour Emporium.
 12173 | D:10     | Reached **** piety under Dithmenos
 12320 | D:10     | Killed a death yak
 12328 | D:10     | Killed a death yak
 12752 | D:10     | Noticed a two-headed ogre
 12765 | D:10     | Killed a two-headed ogre
 12855 | D:10     | Reached skill level 21 in Bows
 13478 | Lair:1   | Entered Level 1 of the Lair of Beasts
 13480 | Lair:1   | Noticed a seven-headed hydra
 13485 | Lair:1   | Killed a seven-headed hydra
 13485 | Lair:1   | Reached XP level 12. HP: 100/100 MP: 14/14
 13858 | Lair:1   | Reached ***** piety under Dithmenos
 13933 | Lair:1   | Noticed a six-headed hydra
 13941 | Lair:1   | Killed a six-headed hydra
 13941 | Lair:1   | Reached skill level 22 in Bows
 15396 | Lair:2   | Noticed an eight-headed hydra
 15406 | Lair:2   | Killed an eight-headed hydra
 15875 | Lair:2   | Noticed a seven-headed hydra
 15881 | Lair:2   | Killed a seven-headed hydra
 15881 | Lair:2   | Reached skill level 5 in Staves
 16605 | Lair:3   | Noticed an eight-headed hydra
 16644 | Lair:3   | Killed an eight-headed hydra
 16644 | Lair:3   | Reached XP level 13. HP: 105/105 MP: 15/15
 17576 | Lair:4   | Found a hole to the Spider Nest.
 18366 | Lair:4   | Found a staircase to the Shoals.
 18698 | Spider:1 | Entered Level 1 of the Spider Nest
 19424 | Spider:1 | Reached skill level 10 in Staves
 21924 | Lair:5   | You fall through a shaft!
 21924 | Lair:6   | Entered Level 6 of the Lair of Beasts
 21957 | Lair:5   | Killed from afar by a catoblepas

Vault maps used:
D:1:      scummos_arrival_gate, minmay_statues_item, minmay_vboxes
D:2:      old_standard_altar, uniq_natasha, uniq_jessica,
          uniq_crazy_yiuf_cottage
D:3:      cheibrodos_pilgrimage, nicolae_gozag_seed_capital,
          yredelemnul_forgotten_temple_becter, portal_sewer_entry_e,
          minmay_misc_feat_roman
D:4:      nicolae_dithmenos_the_darkroom, lemuel_doored_altar, serial_shops,
          kennysheep_mini_moat, grunt_ministairs_7, kennysheep_nub,
          uniq_eustachio
D:5:      gammafunk_temple_overflow_statue, minmay_temple_entry_crystal_x,
          first_ration
D:6:      tgw_fedhas, dk_vineyard_3, st_stairs_9, uniq_edmund,
          uniq_prince_ribbit1, uniq_sigmund, uniq_blork_the_orc
D:7:      serial_shops, nicolae_shop_crystal
D:8:      nicolae_ossuary_entry_monument, uniq_joseph
D:9:      cheibrodos_grave_circle, uniq_maurice
D:10:     dpeg_lair_monsters, serial_co_window_serial, co_window_corner_a,
          co_window_corner_a, co_window_corner_a, co_window_of_opportunity_a,
          co_window_paths_b, co_window_broadway_b, co_window_corner_b,
          co_window_unsneaky_path_d, co_window_corner_b, co_window_corner_b,
          glass_columns_c, glass_columns_b, glass_columns_a, glass_columns_a,
          serial_shops, shop_statue, basic_altar, grunt_livestock
Lair:1:   grunt_megastairs_5, minmay_lair_oklob_chamber, serial_bayou_shore_a
Lair:2:   grunt_megastairs_4
Lair:3:   beast_lair_carwin_11
Lair:4:   minmay_shoals_entry_lonely_mermaid, dummy_spider_entry
Lair:6:   gammafunk_lair_ancient_temple, slime_altar_1, wad_woods_road_05
Spider:1: uniq_rupert
Ossuary:  ossuary_tomb_3

Skill      XL: |  1  2  3  4  5  6  7  8  9 10 11 12 13 |
---------------+----------------------------------------+-----
Bows           | 6 7 8 9 10 12 15 18 21 22 | 22.8
Fighting       | 5 7 |  7.2
Evocations     | 2 3 |  3.0
Staves         | 6 11 | 11.2
Dodging        | |  1.3
Stealth        | |  0.4

Action                   |  1- 3 |  4- 6 |  7- 9 | 10-12 | 13-15 || total
-------------------------+-------+-------+-------+-------+-------++-------
Melee: Short sword       |    12 |       |       |       |       ||    12
       Kick              |     6 |       |       |       |     5 ||    11
       Quarterstaff      |       |       |       |       |    11 ||    11
 Fire: Shortbow          |    72 |   206 |   595 |   744 |   420 ||  2037
       Hunting sling     |       |       |     6 |       |       ||     6
Invok: Shadow Step       |       |       |       |     1 |       ||     1
Evoke: Wand              |       |       |     2 |       |       ||     2
  Use: Scroll            |     6 |     4 |    12 |    12 |     6 ||    40
       Potion            |       |       |       |       |     4 ||     4
 Stab: Paralysed         |       |       |       |       |     2 ||     2
  Eat: Chunk             |       |     2 |     5 |    11 |       ||    18
       Ration            |       |     1 |     3 |     2 |     4 ||    10
Armor: Leather armour    |     5 |    18 |    27 |       |       ||    50
       Robe              |       |       |    11 |    43 |    35 ||    89
Dodge: Dodged            |    17 |    24 |   133 |   121 |    69 ||   364
Block: Other             |       |       |       |     6 |    13 ||    19

Table legend:
 A = Non-vault XP
 B = Vault XP
 C = Vault XP percentage of total XP
 D = Non-vault monster count
 E = Vault monster count
 F = Vault count percentage of total count
                 A         B        C        D         E       F
            +---------+---------+-------+---------+---------+-------
      Total |   47071 |   13954 |  22.9 |     398 |      76 |  16.0
            +---------+---------+-------+---------+---------+-------
        D:1 |      40 |       6 |  13.0 |      19 |       4 |  17.4
        D:2 |     267 |     112 |  29.6 |      29 |       3 |   9.4
        D:3 |     192 |     201 |  51.1 |      24 |      16 |  40.0
        D:4 |     692 |     191 |  21.6 |      24 |       1 |   4.0
        D:5 |     323 |       0 |   0.0 |       5 |       0 |   0.0
        D:6 |     849 |     438 |  34.0 |      21 |       3 |  12.5
        D:7 |    1581 |       0 |   0.0 |      39 |       0 |   0.0
        D:8 |     959 |     423 |  30.6 |      16 |       1 |   5.9
        D:9 |    1981 |    3691 |  65.1 |      32 |      12 |  27.3
       D:10 |    4414 |    6213 |  58.5 |      53 |      12 |  18.5
     Lair:1 |    5590 |    1297 |  18.8 |      23 |       3 |  11.5
     Lair:2 |    6852 |     597 |   8.0 |      24 |       2 |   7.7
     Lair:3 |    5346 |     178 |   3.2 |      19 |       2 |   9.5
     Lair:4 |    7579 |     451 |   5.6 |      36 |       1 |   2.7
   Spider:1 |   10406 |       0 |   0.0 |      34 |       0 |   0.0
    Ossuary |       0 |     156 | 100.0 |       0 |      16 | 100.0
            +---------+---------+-------+---------+---------+-------
